 Dungeon Crawl Stone Soup version 0.17.0-24-gcfadda4 (webtiles) character file.

193 vatarom the Changer (level 5, 0/40 HPs)
             Began as a Draconian Transmuter on Nov 17, 2015.
             Was a Follower of Makhleb.
             Slain by homeworkjunkie's ghost (4 damage)
             ... in a sewer.
             The game lasted 00:05:57 (2820 turns).

vatarom the Changer (Draconian Transmuter)          Turns: 2820, Time: 00:05:58

Health: 0/40       AC:  5    Str: 14 (15) XL:     5   Next: 43%
Magic:  3/8        EV: 13    Int: 14      God:    Makhleb [*.....]
Gold:   126        SH:  0    Dex: 11      Spells: 2 memorised, 4 levels left

rFire  . . .     SeeInvis .       - Unarmed
rCold  . . .     Clarity  .     (armour unavailable)
rNeg   . . .     SustAt   .     (no shield)
rPois  .         Gourm    .     (helmet restricted)
rElec  .         Spirit   .     (no cloak)
rCorr  .         Warding  .     (no gloves)
rMut   .         Stasis   .     (boots currently unavailable)
MR     .....                    (no amulet)
Stlth  +.........               k - +2 ring of strength
                                e - ring of flight

@: appendage, very slightly contaminated, not resistant to hostile enchantments,
very unstealthy
A: unfitting armour, talons 3, cold-blooded, AC +5
a: End Transformation, Renounce Religion, Evoke Flight


You were in a sewer.
You worshipped Makhleb.
Makhleb was aware of your devotion.
You were very full.
You had grown temporary talons.
You visited 1 branch of the dungeon, and saw 3 of its levels.
You also visited: Sewer.

You collected 126 gold pieces.

Inventory:

Missiles
 a - 38 arrows
Jewellery
 e - a ring of flight (left hand)
 k - a +2 ring of strength (right hand)
Wands
 n - a wand of magic darts (26)
Scrolls
 g - 2 scrolls of remove curse
 h - a scroll of identify
Potions
 j - a potion of lignification
Books
 b - a book of Changes

   Spells                             Type                      Level
   a - Beastly Appendage              Transmutation                1
   b - Sticks to Snakes               Transmutation                2
   c - Spider Form                    Transmutation/Poison         3
   d - Ice Form                       Ice/Transmutation            4
   e - Blade Hands                    Transmutation                5
Comestibles
 d - a royal jelly
 f - 2 meat rations
 i - a fruit
 l - a slice of pizza


   Skills:
 - Level 1.1 Fighting
 + Level 3.9 Dodging
 - Level 3.0 Unarmed Combat
 - Level 2.0 Spellcasting
 + Level 4.2 Transmutations


You had 4 spell levels left.
You knew the following spells:

 Your Spells              Type           Power        Failure   Level  Hunger
a - Beastly Appendage     Trmt           ##....       4%          1    ##.....
b - Spider Form           Trmt/Pois      #.........   30%         3    ####...


Dungeon Overview and Level Annotations

Branches:
Dungeon (3/15)

Altars:
Makhleb
Okawaru
The Shining One

Annotations:
Sewer homeworkjunkie's ghost, amateur SpAs


Innate Abilities, Weirdness & Mutations

Your plain brown scales are hard (AC +5).
Your body does not fit into most forms of armour.
You are cold-blooded and may be slowed by cold attacks.
You have claws for feet.


Message History

Your tail-slap misses homeworkjunkie's ghost.
Homeworkjunkie's ghost is severely damaged.
Homeworkjunkie's ghost hits you.
* * * LOW HITPOINT WARNING * * *
You barely miss homeworkjunkie's ghost.
Your kick misses homeworkjunkie's ghost.
Homeworkjunkie's ghost is severely damaged.
Homeworkjunkie's ghost hits you.
* * * LOW HITPOINT WARNING * * *
You barely miss homeworkjunkie's ghost.
Your tail-slap misses homeworkjunkie's ghost.
Homeworkjunkie's ghost is severely damaged.
Homeworkjunkie's ghost hits you.
* * * LOW HITPOINT WARNING * * *
You completely miss homeworkjunkie's ghost.
Homeworkjunkie's ghost is severely damaged.
Homeworkjunkie's ghost hits you.
* * * LOW HITPOINT WARNING * * *
Homeworkjunkie's ghost hits you.
You die...

≈≈≈≈.....####
≈≈≈.....# #∩#
≈≈≈.....###.#
≈≈.......#††#
≈≈≈........##
≈≈........##
≈≈≈......##
≈≈≈.....W##
≈≈≈≈≈...@.#
≈≈≈≈≈.....#
≈≈≈≈....#..#
≈≈≈≈≈..###.#
≈≈≈≈.. ∩#
≈≈≈≈.. ##
≈≈≈... ≈≈≈..


You could see homeworkjunkie's ghost.

Vanquished Creatures
  An orc priest (D:3)
  An orc wizard (D:3)
  Terence (D:3)
  3 adders
  2 river rats
  A worm (D:3)
  3 orcs (D:3)
  6 bats
  6 giant cockroaches
  9 hobgoblins
  A giant gecko (D:1)
  6 giant newts
  6 goblins
  5 kobolds
  9 rats
60 creatures vanquished.

Notes
Turn   | Place    | Note
--------------------------------------------------------------
     0 | D:1      | vatarom the Draconian Transmuter began the quest for the Orb.
     0 | D:1      | Reached XP level 1. HP: 16/16 MP: 3/3
   225 | D:1      | Reached XP level 2. HP: 5/23 MP: 3/5
  1211 | D:2      | Found a burning altar of Makhleb.
  1216 | D:2      | Found an iron altar of Okawaru.
  1219 | D:2      | Found a glowing golden altar of the Shining One.
  1254 | D:2      | Became a worshipper of Makhleb the Destroyer
  1683 | D:2      | Reached XP level 3. HP: 15/28 MP: 4/6
  1703 | D:2      | Learned a level 3 spell: Spider Form
  2308 | D:3      | Reached * piety under Makhleb
  2308 | D:3      | Reached XP level 4. HP: 35/35 MP: 7/7
  2324 | D:3      | Noticed Terence
  2336 | D:3      | Killed Terence
  2379 | D:3      | Reached XP level 5. HP: 18/40 MP: 4/8
  2382 | D:3      | Reached skill level 4 in Transmutations
  2702 | D:3      | Found a glowing drain.
  2748 | Sewer    | Entered a sewer
  2786 | Sewer    | Noticed homeworkjunkie's ghost (amateur SpAs)
  2820 | Sewer    | Slain by homeworkjunkie's ghost

Action                   |  1- 3 |  4- 6 || total
-------------------------+-------+-------++-------
Melee: Unarmed           |   144 |   139 ||   283
 Cast: Beastly Appendage |    16 |     5 ||    21
       Spider Form       |       |     4 ||     4
  Use: Scroll            |     9 |       ||     9
       Potion            |     3 |     1 ||     4
  Eat: Meat ration       |     1 |       ||     1
       Bread ration      |       |     2 ||     2
       Chunk             |       |     1 ||     1
